[Event "Late Titled Tuesday Blitz February 8 2022"]
[White "Golubka, Petro"]
[Black "Zhurbinsky, David"]
[WhiteFideId "14114224"]
[BlackFideId "2072904"]
[WhiteElo "2392"]
[BlackElo "2564"]
[Result "1-0"]
[Round "08"]
[TimeControl "180+1"]
[Date "2022.02.09"]
[WhiteClock "0:00:33"]
[BlackClock "0:00:03"]

1. d4 Nf6 2. Bg5 e6 3. Nd2 Be7 4. c3 d5 5. Qc2 c5 6. dxc5 Bxc5 7. e3 Nc6 8. Ngf3 e5 9. Bb5 Qd6 10. O-O-O a6 11. Nc4 Qc7 12. Bxc6+ bxc6 13. Ncxe5 Ne4 14. Bf4 Qa5 15. b4 Qa3+ 16. Qb2 Qxb2+ 17. Kxb2 Bd6 18. Nxc6 Bxf4 19. exf4 Bb7 20. Na5 O-O-O 21. Ng5 Nxf2 22. Nxf7 Nxd1+ 23. Rxd1 Rhf8 24. Nxd8 Rxd8 25. Nxb7 Kxb7 26. c4 d4 27. Kb3 Kc6 28. a4 a5 29. bxa5 Kc5 30. Rc1 Rb8+ 31. Kc2 Kxc4 32. Kd2+ Kd5 33. a6 Rb2+ 34. Rc2 Rb6 35. a5 Rxa6 36. Ra2 Ke4 37. Ra4 h5 38. Ke2 h4 39. g3 hxg3 40. hxg3 g6 41. Kf2 Kd3 42. Kf3 Kc3 43. Ke4 d3 44. Ra3+ Kc2 45. Rxd3 Rxa5 46. Rd5 Ra3 47. Rg5 Ra6 48. Rd5 Kc3 49. g4 Kc4 50. Rd8 Re6+ 51. Kf3 Kc5 52. f5 gxf5 53. gxf5 Re1 54. Kf4 Rf1+ 55. Kg5 Rg1+ 56. Kf6 Kc6 57. Rd2 Re1 58. Kf7 Re5 59. f6 Re1 60. Kf8 Rf1 61. f7 Rg1 62. Rd3 Rg2 63. Rd4 Rg1 64. Ke7 Re1+ 65. Kf6 Rf1+ 66. Ke6 Re1+ 67. Kf5 Kc5 68. Re4 Rf1+ 69. Rf4 Rxf4+ 70. Kxf4 Kd5 71. f8=Q Ke6 1-0


[Site "https://www.chess.com"]

[Event "Late Titled Tuesday Blitz February 8 2022"]
[White "Gomez Ledo, Roberto Carlos"]
[Black "Migot, Tangi"]
[WhiteFideId "3507076"]
[BlackFideId "662445"]
[WhiteElo "2379"]
[BlackElo "2544"]
[Result "1-0"]
[Round "08"]
[TimeControl "180+1"]
[Date "2022.02.09"]
[WhiteClock "0:00:05"]
[BlackClock "0:00:14"]

1. d4 c6 2. Nf3 Na6 3. Bf4 d6 4. e3 Bg4 5. Nbd2 Nc7 6. h3 Bxf3 7. Nxf3 Nf6 8. Be2 g6 9. O-O Bg7 10. Bh2 O-O 11. c4 d5 12. c5 Ne4 13. Qc2 Ne6 14. b4 a6 15. Rab1 f5 16. Bd3 N4g5 17. Nxg5 Nxg5 18. a4 e5 19. dxe5 Ne6 20. b5 axb5 21. axb5 Ra5 22. Rfc1 f4 23. exf4 Nxf4 24. Bxf4 Rxf4 25. bxc6 bxc6 26. Re1 Qe7 27. Qd2 Raa4 28. Rb8+ Rf8 29. Rxf8+ Bxf8 30. Qc2 Ra5 31. e6 Rxc5 32. Qb1 Qf6 33. Qb8 Qe7 34. h4 d4 35. g3 Rc3 36. Bb1 d3 37. Qf4 c5 38. h5 g5 39. Qd2 Rb3 40. Bxd3 h6 41. Qc2 Rb4 42. Bg6 Rd4 43. Bf7+ Kh8 44. Qg6 c4 45. Qg8# 1-0


[Site "https://www.chess.com"]

[Event "Late Titled Tuesday Blitz February 8 2022"]
[White "Gracia Alvarez, Gerardo Antonio"]
[Black "Karttunen, Mika"]
[WhiteFideId "5109124"]
[BlackFideId "502081"]
[WhiteElo "2139"]
[BlackElo "2343"]
[Result "1-0"]
[Round "08"]
[TimeControl "180+1"]
[Date "2022.02.09"]
[WhiteClock "0:00:06"]
[BlackClock "0:00:14"]

1. e4 c5 2. Be2 d5 3. d3 dxe4 4. dxe4 Qxd1+ 5. Bxd1 Nf6 6. Nd2 Nc6 7. f4 Bg4 8. Ngf3 Bxf3 9. Bxf3 Nd4 10. Bd1 e6 11. c3 Nc6 12. Bf3 e5 13. Nc4 Nd7 14. a4 Be7 15. Be3 O-O 16. O-O-O Nb6 17. Nxe5 Nxe5 18. fxe5 Rfd8 19. a5 Nc4 20. Bf4 Nxa5 21. Kc2 Rxd1 22. Rxd1 Rd8 23. Rxd8+ Bxd8 24. Bg4 c4 25. e6 f6 26. e5 fxe5 27. Bxe5 Nc6 28. Bd6 Be7 29. Bg3 g6 30. Bf3 Kg7 31. Bxc6 bxc6 32. Be5+ Kh6 33. Kd2 Kg5 34. Ke3 Kf5 35. Bb8 Bc5+ 36. Kf3 Kxe6 37. Ke4 a5 38. g4 a4 39. h3 Bf2 40. Bf4 Bc5 41. Bg5 Bb6 42. Bc1 c5 43. Be3 Kd6 44. h4 Ba5 45. Bd2 Ke6 46. Be3 a3 47. bxa3 Bxc3 48. Bxc5 Bf6 49. h5 gxh5 50. gxh5 Bc3 51. Bd4 Ba5 52. a4 Bb4 53. Ba1 c3 54. Kd3 Kd5 55. Bxc3 Bc5 56. a5 Ba7 57. Ke2 Kc4 58. Be1 Kb5 59. Kf3 Bd4 60. Ke4 Bg7 61. Kf5 Bh6 62. Ke6 Be3 63. Kf7 h6 64. Kg6 Bf4 65. Bc3 Be3 66. Bg7 Kxa5 67. Bxh6 Bd4 68. Bg7 Be3 69. Bf6 Kb5 70. Bg5 Bd4 71. h6 Kc6 72. Bf6 1-0


[Site "https://www.chess.com"]

[Event "Late Titled Tuesday Blitz February 8 2022"]
[White "Grigorov, Grigor"]
[Black "Bibasa, Bob"]
[WhiteFideId "2907313"]
[BlackFideId "10000240"]
[WhiteElo "2510"]
[BlackElo "2056"]
[Result "1-0"]
[Round "08"]
[TimeControl "180+1"]
[Date "2022.02.09"]
[WhiteClock "0:00:28"]
[BlackClock "0:00:18"]

1. d4 Nf6 2. c4 e6 3. Nf3 b6 4. g3 Bb7 5. Bg2 Bb4+ 6. Bd2 Bxd2+ 7. Qxd2 O-O 8. O-O d6 9. Qc2 Nbd7 10. Nc3 Qe7 11. e4 c5 12. Rad1 cxd4 13. Rxd4 Ne5 14. Rfd1 Nxf3+ 15. Bxf3 Rfd8 16. Qd2 Ne8 17. Nb5 e5 18. Rd3 Qf6 19. Bg2 Ba6 20. Na3 Rac8 21. b3 h5 22. h4 Qg6 23. Qb4 Bb7 24. Re1 Nc7 25. Red1 Na6 26. Qe1 Nc5 27. Re3 a6 28. Kh2 Ne6 29. Qb4 Qf6 30. Rd2 Rc6 31. Nc2 a5 32. Qa3 Nc5 33. Qc1 Ba6 34. Qd1 Rc7 35. Qxh5 a4 36. Nb4 Bb7 37. Qe2 axb3 38. axb3 Rcc8 39. Bh3 Ra8 40. Nd5 Bxd5 41. exd5 Ra3 42. b4 Rxe3 43. Qxe3 Nd7 44. Bxd7 Rxd7 45. Qxb6 e4 46. Qe3 Re7 47. c5 dxc5 48. bxc5 Qf5 49. d6 Re8 50. d7 Rd8 51. c6 Qe5 52. Qf4 1-0


[Site "https://www.chess.com"]

[Event "Late Titled Tuesday Blitz February 8 2022"]
[White "Hasangatin, Ramil"]
[Black "Vusatiuk, Vladimir"]
[WhiteFideId "4122160"]
[BlackFideId "14118610"]
[WhiteElo "2375"]
[BlackElo "2157"]
[Result "1-0"]
[Round "08"]
[TimeControl "180+1"]
[Date "2022.02.09"]
[WhiteClock "0:01:03"]
[BlackClock "0:00:09"]

1. e4 Nc6 2. Bb5 d5 3. d3 dxe4 4. Bxc6+ bxc6 5. dxe4 Qxd1+ 6. Kxd1 e6 7. Be3 f5 8. Nd2 Nf6 9. f3 fxe4 10. Nxe4 Nxe4 11. fxe4 c5 12. Nf3 Bb7 13. Nd2 O-O-O 14. Ke2 Rxd2+ 15. Kxd2 Bxe4 16. Rhg1 Bd6 17. g3 Rd8 18. Kc1 Kb7 19. Bf4 e5 20. Be3 c4 21. Kd2 Bb4+ 22. Kc1 c3 23. a3 cxb2+ 24. Kxb2 Bd6 25. Rab1 a5 26. Rge1 Kc6 27. Bd2 Bd5 28. Bxa5 Rb8+ 29. Bb4 Bxb4 30. axb4 Rxb4+ 31. Kc1 Rxb1+ 32. Kxb1 e4 33. Kb2 Kd6 34. Kc3 Ke5 35. Kd2 Kd4 36. Re3 c5 37. Ra3 c4 38. c3+ Ke5 39. Ke3 h5 40. Ra5 g6 41. Rb5 Kd6 42. Kd4 Bc6 43. Rg5 Be8 44. h4 Bf7 45. Re5 Kd7 46. Kxe4 Kd6 47. Kd4 Kc6 48. Rc5+ Kd6 49. Ra5 Kc6 50. Ra6+ Kd7 51. Rf6 Ke7 52. Rxf7+ Kxf7 53. Kxc4 Ke6 54. Kd4 Kd6 55. c4 Kc6 56. c5 Kc7 57. Kd5 Kd7 58. Ke5 Kc6 59. Kf6 Kxc5 60. Kxg6 Kd6 61. Kxh5 Ke6 62. Kg6 Ke7 63. Kg7 1-0


[Site "https://www.chess.com"]

[Event "Late Titled Tuesday Blitz February 8 2022"]
[White "Holt, Conrad"]
[Black "Howell, David W L"]
[WhiteFideId "2034387"]
[BlackFideId "410608"]
[WhiteElo "2586"]
[BlackElo "2559"]
[Result "1/2-1/2"]
[Round "08"]
[TimeControl "180+1"]
[Date "2022.02.08"]
[WhiteClock "0:00:11"]
[BlackClock "0:00:42"]

1. d4 c6 2. c4 d5 3. Nf3 Nf6 4. Nc3 a6 5. cxd5 cxd5 6. Bf4 Nc6 7. Rc1 Bf5 8. e3 e6 9. Be2 Bd6 10. Bxd6 Qxd6 11. Qb3 O-O 12. Na4 Rab8 13. O-O Rfc8 14. Ne5 h6 15. Qb6 Nd7 16. Nxd7 Qxd7 17. Nc5 Qc7 18. Qxc7 Rxc7 19. Bxa6 Nb4 20. Bb5 Nxa2 21. Ra1 Nb4 22. Ra7 Rbc8 23. Rfa1 b6 24. Rxc7 Rxc7 25. Nd7 f6 26. h3 Bd3 27. Bxd3 Nxd3 28. Ra8+ Kf7 29. Nxb6 Nxb2 30. Rc8 Rxc8 31. Nxc8 Nc4 32. Na7 Ke7 33. Nb5 Kd7 34. Nc3 Nd6 35. Kf1 1/2-1/2


[Site "https://www.chess.com"]

[Event "Late Titled Tuesday Blitz February 8 2022"]
[White "Iskusnyh, Sergei"]
[Black "Vovk, Orest"]
[WhiteFideId "4120027"]
[BlackFideId "14113490"]
[WhiteElo "2492"]
[BlackElo "2203"]
[Result "1-0"]
[Round "08"]
[TimeControl "180+1"]
[Date "2022.02.09"]
[WhiteClock "0:00:27"]
[BlackClock "0:00:02"]

1. d4 e5 2. dxe5 Nc6 3. Nf3 Qe7 4. Nc3 Nxe5 5. Bf4 Nxf3+ 6. gxf3 d6 7. Qd2 Be6 8. e4 Nf6 9. O-O-O a6 10. Rg1 O-O-O 11. Qd4 c5 12. Qe3 Nh5 13. Bg5 f6 14. Bh4 g5 15. Bg3 Nxg3 16. hxg3 h5 17. Rh1 h4 18. gxh4 gxh4 19. Bh3 Bxh3 20. Rxh3 Qe6 21. f4 Qg4 22. Kb1 Bh6 23. Rdh1 Bxf4 24. Qd3 Be5 25. Nd5 Kb8 26. a3 Rc8 27. Qe3 Rh7 28. f4 Bd4 29. Qe1 f5 30. e5 dxe5 31. Nf6 Qxf4 32. Nxh7 Bf2 33. Qd1 e4 34. Nf6 e3 35. Nd5 Qe4 36. Nc3 Qg2 37. Qf3 Qxf3 38. Rxf3 1-0


[Site "https://www.chess.com"]

[Event "Late Titled Tuesday Blitz February 8 2022"]
[White "Jaferian, Koosha"]
[Black "Kukula, Pawel"]
[WhiteFideId "12507440"]
[BlackFideId "1115081"]
[WhiteElo "2027"]
[BlackElo "2203"]
[Result "1-0"]
[Round "08"]
[TimeControl "180+1"]
[Date "2022.02.09"]
[WhiteClock "0:01:36"]
[BlackClock "0:01:22"]

1. Nf3 d5 2. b3 Nc6 3. Bb2 f6 4. d4 Bf5 5. e3 e6 6. Bd3 Nge7 7. O-O Qd7 8. a3 g5 9. c4 h5 10. Nc3 h4 11. Bxf5 Nxf5 12. e4 dxe4 13. Nxe4 Be7 14. d5 exd5 15. cxd5 Ne5 16. Nxe5 fxe5 17. Bxe5 Rf8 18. Qh5+ Kd8 19. Rac1 Nd6 20. Nxg5 Bxg5 21. Qxg5+ Kc8 22. Qxh4 b6 23. Rc6 Kb7 24. Rfc1 Rac8 25. Bxd6 cxd6 26. Qc4 1-0


[Site "https://www.chess.com"]

[Event "Late Titled Tuesday Blitz February 8 2022"]
[White "Janaszak, Dawid"]
[Black "Adewumi, Tanitoluwa"]
[WhiteFideId "1119206"]
[BlackFideId "30966396"]
[WhiteElo "2199"]
[BlackElo "2464"]
[Result "0-1"]
[Round "08"]
[TimeControl "180+1"]
[Date "2022.02.09"]
[WhiteClock "0:00:04"]
[BlackClock "0:00:06"]

1. e4 g6 2. Nc3 Bg7 3. Bc4 c6 4. d3 a5 5. a4 e6 6. Nge2 d5 7. Ba2 Ne7 8. h4 h5 9. Bg5 Qb6 10. Qd2 d4 11. Nd1 f6 12. Bf4 e5 13. Bg3 Bh6 14. f4 Bg4 15. Nf2 Bxe2 16. Qxe2 exf4 17. Bh2 Nd7 18. Nh3 Qb4+ 19. Kf2 Ne5 20. Bxf4 Ng4+ 21. Kg3 Bxf4+ 22. Nxf4 Qd6 23. Kf3 Ne5+ 24. Kf2 Ng4+ 25. Kf3 g5 26. Ne6 Ng6 27. g3 gxh4 28. gxh4 N6e5+ 29. Kg2 Ne3+ 30. Kf2 N5g4+ 31. Ke1 Qb4+ 32. Qd2 Nxc2+ 33. Ke2 Qxd2+ 34. Kxd2 Nxa1 35. Nc7+ Ke7 36. Nxa8 Rxa8 37. Rxa1 Rf8 38. Rf1 Ne3 39. Rg1 Ng4 40. Rf1 f5 41. exf5 Ne3 42. Rf4 Nxf5 43. Bb3 Kf6 44. Bd1 Kg6 45. Bf3 Rf6 46. Be4 Rf8 47. b3 Rf6 48. Kc2 b6 49. Kb2 c5 50. Kc1 Rf8 51. Kd2 Rf6 52. Kd1 Rf8 53. Ke1 Rf6 54. Kf2 Rf8 55. Kg2 Rf7 56. Kh3 Rf6 57. Kh2 Rf8 58. Kg1 Rf6 59. Rf2 Rf8 60. Rf3 Rf6 61. Kf2 Rf8 62. Kg2 Rf6 63. Kh1 Rf8 64. Kh2 Rf7 65. Kh3 Rf6 66. Rf4 Rf8 67. Rf1 Rf7 68. Rf2 Rf6 69. Rf1 Rf8 70. Rf2 Rf7 71. Rg2+ Kf6 72. Rg5 Ng7 73. Rd5 Ke6 74. Rg5 Ke7 75. Rg6 Ne6 76. Bd5 Nf4+ 77. Kg3 Nxg6 78. Bxf7 Kxf7 0-1


[Site "https://www.chess.com"]

[Event "Late Titled Tuesday Blitz February 8 2022"]
[White "Jobava, Baadur"]
[Black "Garcia Martin, Marta"]
[WhiteFideId "13601520"]
[BlackFideId "32084030"]
[WhiteElo "2617"]
[BlackElo "2102"]
[Result "1-0"]
[Round "08"]
[TimeControl "180+1"]
[Date "2022.02.08"]
[WhiteClock "0:00:44"]
[BlackClock "0:00:03"]

1. b3 b6 2. e4 Bb7 3. Nc3 e6 4. Bb2 Nf6 5. e5 Nd5 6. Nxd5 Bxd5 7. Ne2 Bb7 8. Nf4 d6 9. exd6 Qxd6 10. Qg4 e5 11. O-O-O Nd7 12. Bc4 O-O-O 13. Ne2 Qg6 14. Qxg6 hxg6 15. Bxf7 Bxg2 16. Bxg6 Bxh1 17. Rxh1 Bc5 18. f4 Bd6 19. f5 Nf6 20. Ng3 Rh3 21. d3 Rdh8 22. Re1 Rxh2 23. Bxe5 Bxe5 24. Rxe5 Rg2 25. Ne4 Rhh2 26. Kb2 Rxc2+ 27. Ka3 a5 28. Ka4 Rxa2+ 29. Kb5 Rab2 30. Ka6 Rxb3 31. Re7 a4 32. Rxg7 Nxe4 33. dxe4 a3 34. e5 a2 35. Rg8+ Kd7 36. Be8+ Ke7 37. f6+ Ke6 38. f7 a1=Q+ 39. Kb7 Rd2 40. f8=Q Kd5 41. Bf7+ Ke4 42. Rg4+ Kf3 43. Be6+ Ke3 44. Qf4+ Kd3 45. Qf3+ Kc2 46. Qxb3+ Kc1 47. Rg1+ 1-0


[Site "https://www.chess.com"]

[Event "Late Titled Tuesday Blitz February 8 2022"]
[White "Kamsky, Gata"]
[Black "Goryachkina, Aleksandra"]
[WhiteFideId "2000024"]
[BlackFideId "4147103"]
[WhiteElo "2645"]
[BlackElo "2426"]
[Result "0-1"]
[Round "08"]
[TimeControl "180+1"]
[Date "2022.02.08"]
[WhiteClock "0:00:10"]
[BlackClock "0:00:04"]

1. e4 e6 2. Qe2 c5 3. Nf3 Nc6 4. g3 e5 5. Bg2 d6 6. O-O Nge7 7. c3 g6 8. b4 cxb4 9. cxb4 Bg7 10. b5 Na5 11. Ba3 O-O 12. Bb4 Be6 13. d3 a6 14. Nc3 axb5 15. Nxb5 Nc8 16. Rfc1 Nc6 17. Bc3 d5 18. a4 Nd6 19. Nxd6 Qxd6 20. Ng5 d4 21. Bb2 Rfc8 22. Ba3 Qd7 23. Nxe6 Qxe6 24. Qf1 Bf8 25. Bh3 f5 26. exf5 gxf5 27. Bxf8 Rxf8 28. Rab1 Qe7 29. Qd1 e4 30. Qb3+ Kh8 31. Qxb7 Qxb7 32. Rxb7 Ne5 33. dxe4 fxe4 34. Rd1 Rxa4 35. Re7 Nf3+ 36. Kg2 d3 37. Bg4 Rd4 38. h4 d2 39. Bxf3 exf3+ 40. Kh3 Rc8 41. Re3 Rc1 42. Rxd2 Rxd2 43. Rxf3 Kg7 44. g4 Rcc2 45. Kg3 Re2 46. Rf4 Rc3+ 47. f3 Rc7 48. Rd4 Rf7 49. Rd3 Rfe7 50. h5 h6 51. Rd6 R2e6 52. Rd5 Rf7 53. Rd3 Rfe7 54. Rd5 Re3 55. Kf2 Ra3 0-1


[Site "https://www.chess.com"]

[Event "Late Titled Tuesday Blitz February 8 2022"]
[White "Kanyamarala, Tarun"]
[Black "Wieczorek, Oskar"]
[WhiteFideId "45004714"]
[BlackFideId "1133950"]
[WhiteElo "2144"]
[BlackElo "2319"]
[Result "1-0"]
[Round "08"]
[TimeControl "180+1"]
[Date "2022.02.09"]
[WhiteClock "0:01:32"]
[BlackClock "0:01:29"]

1. d4 Nf6 2. c4 c5 3. d5 b5 4. cxb5 a6 5. e3 axb5 6. Bxb5 Qa5+ 7. Nc3 Bb7 8. Bd2 Qb6 9. Qb3 Na6 10. e4 Nb4 11. a4 e6 12. Nf3 exd5 13. exd5 Nfxd5 14. O-O Be7 15. Ne5 Nf6 16. Qxf7+ 1-0


[Site "https://www.chess.com"]

[Event "Late Titled Tuesday Blitz February 8 2022"]
[White "Kanyamarala, Trisha"]
[Black "Stanisz, Patryk"]
[WhiteFideId "45004722"]
[BlackFideId "1123106"]
[WhiteElo "2002"]
[BlackElo "1876"]
[Result "1-0"]
[Round "08"]
[TimeControl "180+1"]
[Date "2022.02.09"]
[WhiteClock "0:00:21"]
[BlackClock "0:00:04"]

1. d4 f5 2. e4 fxe4 3. Nc3 g6 4. Nxe4 Bg7 5. Nf3 Nf6 6. Bd3 d6 7. h3 O-O 8. O-O c6 9. Re1 Nxe4 10. Bxe4 Bf5 11. Bg5 Bxe4 12. Rxe4 Bf6 13. Bh6 Rf7 14. Ng5 Rf8 15. Ne6 Qa5 16. Nxf8 Na6 17. Ne6 Qf5 18. Qg4 Qb5 19. b3 c5 20. Bg5 Bh8 21. Bxe7 Re8 22. Bh4 d5 23. Ree1 cxd4 24. Ng5 d3 25. Rxe8+ Qxe8 26. c3 Bxc3 27. Rd1 Nc5 28. b4 h5 29. Qf3 Bxb4 30. Qxd5+ Kh8 31. Qd4+ Kg8 32. Qxb4 b6 33. Qc4+ Kh8 34. Qd4+ Kg8 35. Bg3 Qe2 36. Qd5+ Kg7 37. Qe5+ Kh6 38. Nf7+ Kh7 39. Qh8# 1-0


[Site "https://www.chess.com"]

[Event "Late Titled Tuesday Blitz February 8 2022"]
[White "Khater, Sherif"]
[Black "Wu, Christopher"]
[WhiteFideId "2034280"]
[BlackFideId "2040875"]
[WhiteElo "2545"]
[BlackElo "2664"]
[Result "1/2-1/2"]
[Round "08"]
[TimeControl "180+1"]
[Date "2022.02.09"]
[WhiteClock "0:01:20"]
[BlackClock "0:00:58"]

1. b3 c5 2. Bb2 Nc6 3. e3 d5 4. f4 Nf6 5. Nf3 a6 6. Ne5 Qc7 7. g3 e6 8. Bg2 Be7 9. O-O O-O 10. d3 b5 11. Nd2 Bb7 12. Ndf3 Nd7 13. Nxd7 Qxd7 14. Ne5 Nxe5 15. Bxe5 Rac8 16. h4 Rfe8 17. h5 Bf8 18. Qg4 Bc6 19. Qe2 d4 20. Bxc6 Rxc6 21. exd4 cxd4 22. Qg4 Rxc2 23. h6 g6 24. Rac1 Rec8 25. Rxc2 Rxc2 26. Rf2 Rc1+ 27. Rf1 Rxf1+ 28. Kxf1 Qc6 29. Qg5 Qf3+ 30. Kg1 Qe3+ 31. Kg2 Qe2+ 32. Kg1 Qe3+ 33. Kg2 Qe2+ 34. Kg1 Qe3+ 1/2-1/2


[Site "https://www.chess.com"]

[Event "Late Titled Tuesday Blitz February 8 2022"]
[White "Kobalia, Mikhail"]
[Black "Sevian, Samuel"]
[WhiteFideId "4119150"]
[BlackFideId "2040506"]
[WhiteElo "2667"]
[BlackElo "2698"]
[Result "0-1"]
[Round "08"]
[TimeControl "180+1"]
[Date "2022.02.08"]
[WhiteClock "0:00:08"]
[BlackClock "0:01:15"]

1. e4 e5 2. Nf3 Nf6 3. Nxe5 Nxe4 4. d3 Nf6 5. d4 Nc6 6. Bb5 a6 7. Ba4 Bd6 8. O-O O-O 9. f4 b6 10. Nxc6 dxc6 11. Bxc6 Bg4 12. Bf3 Bxf3 13. Qxf3 c5 14. dxc5 Bxc5+ 15. Kh1 Re8 16. Nc3 b5 17. a3 Rc8 18. f5 Bd4 19. Bd2 Be5 20. Rad1 Qc7 21. Bf4 h5 22. h3 h4 23. Bxe5 Qxe5 24. Qf4 Rc4 25. Qxe5 Rxe5 26. Rde1 Rec5 27. Re7 a5 28. Ra7 b4 29. Na4 Re5 30. axb4 axb4 31. c3 Ne4 32. Kh2 Ng3 33. Rd1 b3 34. Nb6 Rf4 35. Nd7 Rexf5 36. Ra8+ Kh7 37. Raa1 Rf2 38. Rab1 Rc2 39. Nb6 Rff2 40. Rg1 Ne2 41. Rgf1 Nf4 42. Rxf2 Rxf2 43. Kh1 g5 44. c4 Rxg2 45. Nd5 Rc2 46. Nxf4 gxf4 47. Rf1 Rxb2 48. Rxf4 Rc2 0-1


[Site "https://www.chess.com"]

[Event "Late Titled Tuesday Blitz February 8 2022"]
[White "Kopczynski, Michal"]
[Black "Milosevic, Milos"]
[WhiteFideId "1124200"]
[BlackFideId "964875"]
[WhiteElo "2235"]
[BlackElo "2198"]
[Result "1-0"]
[Round "08"]
[TimeControl "180+1"]
[Date "2022.02.09"]
[WhiteClock "0:00:13"]
[BlackClock "0:00:41"]

1. e4 e5 2. Nf3 Nc6 3. Bb5 f5 4. d3 fxe4 5. dxe4 Nf6 6. Nc3 Bc5 7. Bg5 O-O 8. Qd2 d6 9. O-O-O a6 10. Bc4+ Kh8 11. Nd5 b5 12. Nxf6 gxf6 13. Bd5 fxg5 14. Bxc6 Rb8 15. Nxe5 Rxf2 16. Qxf2 Bxf2 17. Nf7+ Kg7 18. Nxd8 Bg4 19. Nb7 Be3+ 20. Kb1 Bxd1 21. Rxd1 Rf8 22. a4 b4 23. e5 dxe5 24. Rd7+ Kg6 25. Rxc7 Rf1+ 26. Ka2 Rf2 27. Kb3 Bd4 28. Be4+ Kf6 29. Rxh7 Rf1 30. c3 bxc3 31. bxc3 Be3 32. Rh6+ Ke7 33. Rxa6 Rf2 34. Rh6 g4 35. Rh7+ Ke6 36. a5 Rf1 37. a6 Ra1 38. Nd8+ Kf6 39. Rf7+ Kg5 40. Bb7 Rh1 41. h3 gxh3 42. gxh3 Rxh3 43. Kc4 Bb6 44. Nc6 Rh4+ 45. Kd5 Rh3 46. Kxe5 Rxc3 47. Kd6 Bc5+ 48. Kd5 Bb6 49. a7 Rc5+ 50. Kd6 Bxa7 51. Nxa7 Rc1 52. Nc6 Rd1+ 53. Kc7 Rb1 54. Bc8 Rc1 55. Kd6 Rd1+ 56. Ke6 Re1+ 57. Ne5 Re2 58. Rf5+ Kh4 59. Bb7 Kg3 60. Rg5+ Kh4 61. Rg4+ Kh5 62. Bf3 Re3 63. Re4+ Rxf3 64. Nxf3 Kg6 65. Rg4+ Kh7 66. Kf6 Kh6 67. Rh4# 1-0


[Site "https://www.chess.com"]

[Event "Late Titled Tuesday Blitz February 8 2022"]
[White "Kosakowski, Jakub"]
[Black "Noboa Silva, Kevin"]
[WhiteFideId "1185080"]
[BlackFideId "3618471"]
[WhiteElo "2476"]
[BlackElo "2161"]
[Result "1-0"]
[Round "08"]
[TimeControl "180+1"]
[Date "2022.02.09"]
[WhiteClock "0:00:23"]
[BlackClock "0:00:39"]

1. d4 Nf6 2. Nf3 e6 3. c4 Bb4+ 4. Nbd2 a5 5. g3 b6 6. Bg2 Bb7 7. O-O O-O 8. Qc2 d6 9. e4 c5 10. e5 dxe5 11. dxe5 Nfd7 12. Ne4 a4 13. Nd6 Bc6 14. a3 Ba5 15. Bg5 f6 16. exf6 Nxf6 17. Rad1 Qe7 18. Ne5 Bxg2 19. Kxg2 Ra7 20. Kg1 Rc7 21. Nb5 Rcc8 22. Rd6 Rcd8 23. Rfd1 Rxd6 24. Rxd6 Rd8 25. Qd1 Rxd6 26. Nxd6 Nbd7 27. Nc6 Qf8 28. Nb7 h6 29. Be3 Qf7 30. Nbxa5 bxa5 31. Qxa4 Qg6 32. Ne7+ Kh7 33. Nxg6 Kxg6 34. Qxa5 Ne5 35. Qxc5 Kf5 36. f4 Kg4 37. fxe5 Ne4 38. Qd4 Kf3 39. Bf4 g5 40. Qe3+ Kg4 41. Qxe4 h5 42. Bxg5+ Kh3 43. Qe2 h4 44. Qf1+ Kg4 45. Bxh4 Kh5 46. c5 Kg4 47. c6 Kh5 48. b4 Kg4 49. b5 Kh5 50. b6 Kg4 51. c7 Kh5 52. b7 Kg4 53. a4 Kh5 54. a5 Kg6 55. a6 Kh7 56. a7 Kg6 57. h3 Kg7 58. g4 Kg6 59. Bd8 Kg7 60. h4 Kg8 61. Qf4 Kg7 62. h5 Kg8 63. g5 Kh7 64. g6+ Kg7 65. Qg5 Kg8 66. h6 Kf8 67. Kf2 Ke8 68. Ke3 Kd7 69. c8=Q+ Ke8 70. Qxe6+ Kf8 71. Qh3 Ke8 72. Bb6 Kf8 73. b8=N Ke8 74. Na6 Kf8 75. Nb4 Ke8 76. Nd5 Kf8 77. Nc3 Ke8 78. Nb1 Kf8 79. h7 Ke8 80. h8=N Kf8 81. Nf7 Kg7 82. Nh6 Kh8 83. Nf5+ Kg8 84. Nh4 Kg7 85. Nf3 Kg8 86. Ng1 Kg7 87. Bc5 Kg8 88. Ba3 Kg7 89. Bc1 Kg8 90. a8=B Kg7 91. Bg2 Kg8 92. Bf1 Kf8 93. Qf3+ Ke8 94. Qd1 Kf8 95. Ke2 Ke8 96. Ke1 Kf8 97. g7+ Ke8 98. g8=R+ Kf7 99. Rh8 Ke6 100. Rh1 Kf7 101. Qf5+ Ke7 102. Qe2 Kd8 103. e6 Kc7 104. e7 Kb6 105. Qd1 Kc7 106. e8=R Kb6 107. Ra8 Kb7 108. Ra1 Kb6 109. Qd6+ Kb7 110. Rh7# 1-0


[Site "https://www.chess.com"]

[Event "Late Titled Tuesday Blitz February 8 2022"]
[White "Kosteniuk, Alexandra"]
[Black "Pourkashiyan, Atousa"]
[WhiteFideId "4128125"]
[BlackFideId "12502014"]
[WhiteElo "2469"]
[BlackElo "2247"]
[Result "1-0"]
[Round "08"]
[TimeControl "180+1"]
[Date "2022.02.09"]
[WhiteClock "0:00:37"]
[BlackClock "0:00:01"]

1. e4 e5 2. f4 d5 3. exd5 exf4 4. Nf3 Nf6 5. Bb5+ c6 6. dxc6 Nxc6 7. Nc3 Bd6 8. Qe2+ Be6 9. Nd4 Qd7 10. Bxc6 bxc6 11. Nxe6 Qxe6 12. Qxe6+ fxe6 13. b3 Be5 14. Bb2 O-O-O 15. O-O-O Nd5 16. Rde1 Bxc3 17. dxc3 Ne3 18. c4 Rhe8 19. g3 e5 20. Re2 g5 21. Rhe1 Rd7 22. Bc3 e4 23. Bd2 Rf7 24. Bxe3 fxe3 25. Rxe3 Rf2 26. R1e2 Rxe2 27. Rxe2 e3 28. Kd1 Kd7 29. c5 Re5 30. b4 Ke6 31. Re1 Kd5 32. Ke2 Kc4 33. a3 Kc3 34. Rd1 Kxc2 35. Rd3 a5 36. Rxe3 Rd5 37. Re6 axb4 38. axb4 Kc3 39. Rxc6 Kxb4 40. Kf3 Rd2 41. h3 h5 42. Rg6 Rd3+ 43. Kf2 Rd2+ 44. Ke3 Rh2 45. Rxg5 Rxh3 46. c6 Rh1 47. c7 Rc1 48. Rg7 Rc4 49. Rh7 Kc3 50. Kf3 Kd3 51. Rd7+ Kc2 52. Kg2 Kc3 53. Kh3 Kc2 54. Rh7 Kd3 55. Rxh5 Rxc7 56. Re5 Kd4 57. Re6 Rh7+ 58. Kg4 Kd5 59. Kf5 Rg7 60. Re3 Kd4 61. Ra3 Rf7+ 62. Kg6 Rf8 63. g4 Rg8+ 64. Kf7 1-0


[Site "https://www.chess.com"]

[Event "Late Titled Tuesday Blitz February 8 2022"]
[White "Kostiukov, Alexandr"]
[Black "Laith, Kasib"]
[WhiteFideId "14108100"]
[BlackFideId "4801059"]
[WhiteElo "2202"]
[BlackElo "1982"]
[Result "0-1"]
[Round "08"]
[TimeControl "180+1"]
[Date "2022.02.09"]
[WhiteClock "0:00:05"]
[BlackClock "0:00:34"]

1. g3 g6 2. Bg2 Bg7 3. c4 Nf6 4. Nf3 O-O 5. O-O d6 6. d4 Nc6 7. Nc3 e5 8. d5 Nb8 9. e4 a5 10. Ne1 Na6 11. Nd3 Nd7 12. Be3 Nac5 13. Nxc5 Nxc5 14. Bxc5 dxc5 15. Qd2 b6 16. Rad1 Ba6 17. b3 Qd7 18. a4 Rad8 19. Rfe1 Kh8 20. Ne2 Bc8 21. f4 Rfe8 22. Nc3 exf4 23. gxf4 Qg4 24. e5 Bh6 25. Rf1 Rxe5 26. fxe5 Bxd2 27. Rxd2 Qg5 28. Re2 Bf5 29. Ne4 Qh5 30. Ng3 Qg4 31. Ref2 Bd3 32. Re1 Re8 33. Rxf7 Rxe5 34. Rxe5 Qd4+ 35. Rf2 Qxe5 36. Bf3 Kg7 37. Kg2 h5 38. h4 Qd4 39. Kh3 Qxf2 0-1


[Site "https://www.chess.com"]